 Dungeon Crawl Stone Soup version 0.25.1-2-g60ff931df9 (webtiles) character file.

Game seed: 10253343279650679779

16965 Acheron the Cleaver (level 12, -4/71 HPs)
             Began as a Gargoyle Gladiator on Oct 27, 2020.
             Was a High Priest of Okawaru.
             Slain by a freezing wraith (8 damage)
             ... in an ice cave.
             The game lasted 01:28:49 (12793 turns).

Acheron the Cleaver (Gargoyle Gladiator)           Turns: 12793, Time: 01:28:50

Health: -4/71      AC: 26    Str: 18    XL:     12   Next: 43%
Magic:  16/18      EV: 19    Int: 12    God:    Okawaru [*****.]
Gold:   731        SH:  0    Dex: 16    Spells: 10/20 levels left

rFire    x . .     SeeInvis .   h - +2 broad axe (flame)
rCold    + . .     Gourm    .   (no shield)
rNeg     + . .     Faith    .   v - +0 troll leather armour
rPois    ∞         Spirit   .   c - +2 helmet
rElec    +         Reflect  .   T - +1 cloak {Stlth+}
rCorr    .         Harm     .   g - +0 pair of fencer's gloves {Riposte Dex+3}
MR       .....                  (no boots)
Stlth    +++++.....             (no amulet)
HPRegen  0.61/turn              e - +4 ring of protection
MPRegen  0.16/turn              X - ring of ice

@: heroism, slowed, very slow
A: negative energy resistance 1, electricity resistance, unbreathing,
petrification resistance, rot immunity, AC +8
a: Heroism, Finesse, Renounce Religion


You were in an ice cave.
You worshipped Okawaru.
Okawaru was extremely pleased with you.
You were not hungry.

You visited 3 branches of the dungeon, and saw 17 of its levels.
You also visited: Ice Cave.

You collected 731 gold pieces.

Inventory:

Hand Weapons
 h - a +2 broad axe of flaming (weapon)
 w - a +4 war axe
 E - a +2 mace of protection
 M - a +1 mace of holy wrath
 N - a +2 short sword of draining
 S - a +2 dagger of speed
Missiles
 j - 116 stones
 s - 79 sling bullets
 u - 23 boomerangs (quivered)
 V - 7 javelins
 Y - 6 silver boomerangs
Armour
 c - a +2 helmet (worn)
 g - the +0 pair of fencer's gloves (worn) {Riposte Dex+3}
   (You acquired it on level 10 of the Dungeon)

   It affects your dexterity (+3).
 v - a +0 troll leather armour (worn)
 T - a +1 cloak of stealth (worn)
Jewellery
 b - a +6 ring of intelligence
 e - a +4 ring of protection (left hand)
 m - a +4 ring of evasion
 y - the amulet "Xapt" {Faith MR+}
   (You found it on level 4 of the Dungeon)

   [amulet of faith]

   It allows you to gain divine favour quickly.
   It affects your resistance to hostile enchantments.
 z - an uncursed ring of flight
 X - a ring of ice (right hand)
Wands
 r - a wand of acid (11)
 B - a wand of iceblast (13)
 R - a wand of paralysis (20)
Scrolls
 a - 4 scrolls of remove curse
 n - 3 scrolls of amnesia
 I - a scroll of enchant armour
 L - 2 scrolls of fog
 O - 2 scrolls of teleportation
Potions
 d - a potion of haste
 i - 2 potions of magic
 k - 2 potions of flight
 p - 2 potions of curing
 x - 3 potions of brilliance
 K - a potion of berserk rage
Comestibles
 f - 16 rations


   Skills:
 * Level 6.3(11.3) Fighting
 * Level 9.6(14.6) Axes
 * Level 5.1(10.1) Throwing
 * Level 5.7(10.7) Armour
 * Level 5.0(10.0) Dodging
 * Level 6.2(11.2) Stealth
   Level 2.0(7.0) Shields
 * Level 4.5 Spellcasting
 * Level 0.5 Conjurations
 + Level 3.0 Hexes
 + Level 4.0 Summonings
 + Level 4.0 Necromancy
 * Level 4.4 Translocations
 * Level 4.8 Invocations
 * Level 4.3 Evocations


You had 10 spell levels left.
You knew the following spells:

 Your Spells              Type           Power        Failure   Level  Hunger
a - Apportation           Tloc           ##....       4%          1    None
b - Animate Skeleton      Necr           N/A          4%          1    None
c - Corona                Hex            #......      7%          1    None
d - Summon Small Mammal   Summ           ##..         4%          1    None
e - Magic Dart            Conj           #...         19%         1    None
f - Searing Ray           Conj           #.....       28%         2    ##.....
g - Dazzling Flash        Conj/Hex       #.....       34%         3    ###....

Your spell library contained the following spells:

 Spells                   Type           Power        Failure   Level  Hunger
 Iskenderun's Mystic Bla  Conj/Tloc      #.......     65%         4    ####...
 Fulminant Prism          Conj/Hex       #.........   75%         4    ####...


Dungeon Overview and Level Annotations

Branches:
Dungeon (14/15)            Temple (1/1) D:5            Lair (2/6) D:11
    Orc (0/2) D:11          IceCv (1/1)
  Swamp: Lair:2-4    Shoals: Lair:2-4     Snake: Lair:2-4    Spider: Lair:2-4
 Vaults: D:13-14

Altars:
Ashenzari
Cheibriados
Dithmenos
Elyvilon
Fedhas
Gozag
Kikubaaqudgha
Makhleb
Nemelex Xobeh
Okawaru
Qazlal
Ru
Sif Muna
Trog
Uskayaw
Vehumet
Wu Jian
Xom
Yredelemnul
Zin
The Shining One
Beogh

Annotations:
D:5 Sigmund
D:6 exclusion: downstairs
D:7 3 runed translucent doors, S4kyt's ghost, novice TrBe
D:10 exclusion: downstairs
D:11 exclusion: upstairs
D:12 exclusion: upstairs IceCv exclusion: ice statue


Innate Abilities, Weirdness & Mutations

You are resistant to torment.
Your stone body is resilient. (AC +8)
You are immune to poison.
You resist negative energy. (rN+)
You are resistant to electric shocks. (rElec)
You can survive without breathing.
You are immune to petrification.
You are immune to rotting.


Message History

The freezing wraith is severely damaged.
You slash the freezing wraith! You burn the freezing wraith.
The freezing wraith closely misses you.
The freezing wraith hits you but does no damage.
The freezing wraith closely misses you.
You gain the combat prowess of a mighty hero.
The freezing wraith hits you.
* * * LOW HITPOINT WARNING * * *
The freezing wraith freezes you! You resist.
* * * LOW HITPOINT WARNING * * *
The freezing wraith closely misses you. The freezing wraith misses you.
You riposte.
You closely miss the freezing wraith. Your punch misses the freezing wraith.
The freezing wraith is heavily damaged.
You hit the freezing wraith. You burn the freezing wraith.
The freezing wraith hits you but does no damage.
The freezing wraith hits you.
* * * LOW HITPOINT WARNING * * *
The freezing wraith freezes you! You resist.
You die...

...8. ### ##..### ##.
..... ###...### ##
..### ####.......## #
.# #...........# #
#...........# #
########.........# ##
##...## ##........##
#.
##.....###.....###..##
#.
#..###..#@.########..#
## #....##.WW##
###...## # ###...##.##
###....## ###
#.Z..##### ##....###
##.# ..8Z..##
###...### ##...
..WZ.W.## ###...###
##.... .......
##...### ####.....
......5 #...##
##........ .._5..W
#..### ##....###..


You could see 2 freezing wraiths.

Vanquished Creatures
  A two-headed ogre (D:10)
  2 unseen horrors
  A deep elf mage (D:11)
  2 ugly things
  A manticore (D:9)
  Maurice (D:12)
  2 spiny frogs
  3 kobold demonologists (D:13)
  7 freezing wraiths (IceCv)
  2 komodo dragons
  3 trolls
  4 blink frogs (Lair:2)
  4 hippogriffs
  A shadow (D:12)
  A yak (Lair:2)
  A steam dragon (D:11)
  A death yak simulacrum (IceCv)
  Menkaure (D:4)
  2 soldier ants (D:12)
  2 water moccasins
  A porcupine (Lair:1)
  4 orc warriors
  2 sky beasts (D:9)
  2 black bears
  6 ice beasts (IceCv)
  An eye of draining (D:13)
  5 ogres
  2 wolves (Lair:2)
  An alligator simulacrum (IceCv)
  2 centaurs
  5 crocodiles
  3 big kobolds
  10 bullfrogs
  A wyvern skeleton (D:9)
  4 scorpions
  7 wights (D:12)
  3 howler monkeys
  6 crimson imps
  A centaur zombie (D:7)
  A bullfrog zombie (D:6)
  A quasit (D:7)
  2 draconian simulacra (IceCv)
  4 hounds
  9 orc priests
  3 bullfrog skeletons
  6 jellies
  2 centaur skeletons
  12 orc wizards
  Crazy Yiuf (D:4)
  4 iguanas
  A troll simulacrum (IceCv)
  4 worker ants
  A spriggan simulacrum (IceCv)
  2 wolf simulacra (IceCv)
  2 howler monkey zombies
  A howler monkey skeleton (D:10)
  A naga simulacrum (IceCv)
  11 adders
  4 shadow imps
  10 white imps (IceCv)
  An adder zombie (D:6)
  An adder skeleton (D:4)
  2 worms (D:2)
  2 dart slugs
  7 leopard geckos
  46 orcs
  3 giant cockroaches
  8 goblins
  8 hobgoblins
  2 jackals (D:5)
  16 kobolds
  2 quokkas
  A ball python (D:3)
  8 bats
  8 frilled lizards
  A jackal skeleton (D:4)
  A leopard gecko skeleton (D:5)
  A leopard gecko zombie (D:5)
  11 rats
319 creatures vanquished.

Vanquished Creatures (collateral kills)
  An ice beast (D:10)
  A phantom (D:10)
  2 wolves (Lair:2)
  A wyvern zombie (D:10)
  A bullfrog zombie (D:6)
  An orc wizard (D:6)
  2 worker ants
  3 orcs
12 creatures vanquished.

Vanquished Creatures (others)
  3 fungi (Lair:2)
  8 plants (D:11)
11 creatures vanquished.

Grand Total: 342 creatures vanquished

Notes
Turn   | Place    | Note
-------+----------+-------------------------------------------
     0 | D:1      | Acheron the Gargoyle Gladiator began the quest for the Orb.
     0 | D:1      | Reached XP level 1. HP: 12/12 MP: 1/1
    59 | D:1      | Reached XP level 2. HP: 17/17 MP: 2/2
   439 | D:1      | Reached skill level 3 in Axes
   439 | D:1      | Reached XP level 3. HP: 18/21 MP: 3/3
   784 | D:2      | Reached skill level 1 in Stealth
   905 | D:2      | Reached skill level 1 in Armour
   990 | D:2      | Reached XP level 4. HP: 17/27 MP: 4/4
  1968 | D:3      | Noticed a moth of wrath
  1971 | D:3      | Found a bloodstained altar of Trog.
  2332 | D:3      | Reached XP level 5. HP: 28/31 MP: 6/6
  2479 | D:4      | Reached skill level 1 in Spellcasting
  2492 | D:4      | Found a runed translucent door.
  2492 | D:4      | Noticed Crazy Yiuf
  2662 | D:4      | Found an opulent altar of Gozag.
  2690 | D:5      | Entered Level 5 of the Dungeon
  2698 | D:5      | Learned a level 1 spell: Apportation
  2700 | D:5      | Learned a level 1 spell: Animate Skeleton
  2702 | D:5      | Learned a level 1 spell: Corona
  2704 | D:5      | Learned a level 1 spell: Summon Small Mammal
  2777 | D:6      | Found a sacrificial altar of Ru.
  3037 | D:5      | Found a staircase to the Ecumenical Temple.
  3046 | Temple   | Entered the Ecumenical Temple
  3212 | Temple   | Became a worshipper of Warmaster Okawaru
  3294 | D:5      | Reached XP level 6. HP: 33/36 MP: 7/7
  3658 | D:4      | Got an ancient platinum amulet
  3659 | D:4      | Identified the amulet "Xapt" {Faith MR+} (You found it on
                  | level 4 of the Dungeon)
  3671 | D:4      | Noticed Menkaure
  3681 | D:4      | Killed Menkaure
  3695 | D:4      | Reached * piety under Okawaru
  3695 | D:4      | Reached XP level 7. HP: 21/41 MP: 9/9
  3815 | D:4      | Reached skill level 4 in Axes
  3815 | D:4      | Reached skill level 1 in Hexes
  3815 | D:4      | Reached skill level 1 in Summonings
  3815 | D:4      | Reached skill level 1 in Translocations
  3815 | D:4      | Reached skill level 1 in Evocations
  4293 | D:4      | Killed Crazy Yiuf
  4293 | D:4      | Reached skill level 1 in Necromancy
  4417 | D:5      | Found a shimmering blue altar of Sif Muna.
  4498 | D:5      | Found a sparkling altar of Nemelex Xobeh.
  4605 | D:5      | Noticed Sigmund
  4811 | D:6      | Reached XP level 8. HP: 23/46 MP: 10/10
  5005 | D:6      | Reached skill level 1 in Invocations
  5095 | D:6      | Reached ** piety under Okawaru
  5326 | D:6      | Found a shimmering altar of Xom.
  5332 | D:6      | Found a basalt altar of Yredelemnul.
  5373 | D:7      | Found a shattered altar of Ashenzari.
  5398 | D:7      | Reached skill level 5 in Axes
  5971 | D:7      | Reached XP level 9. HP: 37/52 MP: 12/12
  6004 | D:7      | Reached *** piety under Okawaru
  6102 | D:7      | Found a burning altar of Makhleb.
  6127 | D:7      | Found an ornate altar of the Wu Jian Council.
  6172 | D:7      | Found a runed translucent gate.
  6172 | D:7      | Noticed S4kyt's ghost (novice TrBe)
  6174 | D:7      | Found a runed translucent gate.
  6175 | D:7      | Found a runed translucent gate.
  6175 | D:7      | Found a roughly hewn altar of Beogh.
  6176 | D:7      | Identified the +4 halberd of the Extremes {antimagic, rC+
                  | Str+3 Int+2}
  6803 | D:9      | Reached skill level 6 in Axes
  7229 | D:10     | Entered Level 10 of the Dungeon
  7260 | D:10     | Noticed a two-headed ogre
  7453 | D:9      | Noticed a manticore
  7459 | D:9      | Killed a manticore
  7459 | D:9      | Reached **** piety under Okawaru
  7459 | D:9      | Reached XP level 10. HP: 53/58 MP: 11/14
  7581 | D:9      | Found a blossoming altar of Fedhas.
  7618 | D:9      | Found a glowing golden altar of the Shining One.
  7989 | D:10     | Killed a two-headed ogre
  7989 | D:10     | Reached skill level 7 in Axes
  8334 | D:11     | Noticed a cyan ugly thing
  8341 | D:11     | Found a staircase to the Orcish Mines.
  8730 | D:10     | Identified a scroll of acquirement
  8730 | D:10     | Acquired the +0 pair of fencer's gloves {Riposte Dex+3}
  8731 | D:10     | Found the +0 pair of fencer's gloves {Riposte Dex+3}
  8835 | D:10     | Reached skill level 5 in Fighting
  9093 | D:11     | Noticed a deep elf mage
  9102 | D:11     | Killed a deep elf mage
  9102 | D:11     | Reached ***** piety under Okawaru
  9372 | D:12     | Reached skill level 8 in Axes
  9406 | D:12     | Reached XP level 11. HP: 36/64 MP: 13/16
  9706 | D:12     | Noticed a white ugly thing
  9723 | D:12     | Killed a white ugly thing
  9723 | D:12     | Reached skill level 5 in Stealth
  9885 | D:13     | Received a gift from Okawaru
  9891 | D:13     | Got a pitted arbalest {god gift}
  9893 | D:13     | Noticed a sun demon
  9908 | D:13     | Reached skill level 5 in Armour
  9911 | D:13     | Killed an unseen horror
  9924 | D:14     | Noticed a cyclops
 10272 | D:12     | Noticed Maurice
 10430 | D:12     | Killed Maurice
 10430 | D:12     | Reached skill level 1 in Shields
 10494 | D:12     | Killed an unseen horror
 10900 | D:11     | Killed a cyan ugly thing
 11164 | D:11     | Reached skill level 9 in Axes
 11226 | D:11     | Found a staircase to the Lair.
 11246 | Lair:1   | Entered Level 1 of the Lair of Beasts
 11709 | Lair:2   | Received a gift from Okawaru
 11709 | Lair:2   | Reached XP level 12. HP: 63/69 MP: 18/18
 11861 | Lair:2   | Found a frozen archway.
 11982 | Lair:2   | Reached skill level 5 in Throwing
 12055 | IceCv    | Entered an ice cave
 12207 | IceCv    | Learned a level 1 spell: Magic Dart
 12210 | IceCv    | Learned a level 2 spell: Searing Ray
 12214 | IceCv    | Learned a level 3 spell: Dazzling Flash
 12461 | IceCv    | Reached skill level 5 in Dodging
 12593 | IceCv    | Found an ancient bone altar of Kikubaaqudgha.
 12731 | IceCv    | Received a gift from Okawaru
 12793 | IceCv    | Slain by a freezing wraith

Illustrated notes

Levels and vault maps discovered:
D:1:      kennysheep_arrival_forest, layout_loops_ring
D:2:      layout_loops_corners
D:3:      layout_loops_ring, tgw_trog
D:4:      layout_loops_corners, nicolae_gozag_seed_capital, first_ration,
          uniq_menkaure, uniq_crazy_yiuf_cottage
D:5:      layout_loops_corners, nicolae_overflow_hidden_temple,
          minmay_temple_entry_antechambers, uniq_sigmund
D:6:      layout_rooms, lemuel_crystal_altar, yredelemnul_altar_generic,
          basic_altar
D:7:      layout_cave_pools, bloody_makhleb, ashenzari_altar_1,
          kennysheep_mini_moat, biasface_ghost_orc_armoury
D:8:      layout_basic, blue_anna_alchemist [blue_anna_fruit_fields,
          blue_anna_fruit_fields], kennysheep_small_circle
D:9:      layout_long_grid, lemuel_doored_altar, nicolae_tso_carved_into_rock
D:10:     layout_basic, minivault_14
D:11:     layout_rooms, david_lair_shrubbed, minmay_orc_entry_temple_small
D:12:     layout_basic, uniq_maurice
D:13:     minmay_glassy_protrusions, layout_irregular_city, enter_bailey_8
D:14:     layout_long_grid, david_vaults_2, kennysheep_flooded_box
Temple:   jpeg_temple_alley_garden
Lair:1:   layout_layer_cave
Lair:2:   layout_roguey, portal_ice_cave_entry_pillars_2, minivault_19,
          minivault_19, infiniplex_staircase_pool
IceCv:    ice_cave_small_necro

Skill      XL: |  1  2  3  4  5  6  7  8  9 10 11 12 |
---------------+-------------------------------------+-----
Axes           | 3 4 5 6 8 9 |  9.6
Stealth        | 1 2 3 4 5 6 |  6.2
Armour         | 1 2 3 4 5 |  5.7
Throwing       | 2 3 4 5 |  5.1
Dodging        | 3 4 5 |  5.0
Spellcasting   | 1 2 3 4 |  4.5
Fighting       | 3 4 5 6 |  6.3
Hexes          | 1 2 3 |  3.0
Summonings     | 1 2 3 4 |  4.0
Translocations | 1 2 3 4 |  4.4
Evocations     | 1 2 3 4 |  4.3
Necromancy     | 1 2 3 4 |  4.0
Invocations    | 1 2 3 4 |  4.8
Shields        | 1 2 |  2.0
Conjurations   | |  0.5

Action                   |  1- 3 |  4- 6 |  7- 9 | 10-12 || total
-------------------------+-------+-------+-------+-------++-------
Melee: War axe           |    85 |   165 |   334 |   531 ||  1115
       Punch             |       |       |     1 |     8 ||     9
       Broad axe         |       |       |       |    11 ||    11
Throw: Dart              |       |     4 |    14 |    41 ||    59
       Boomerang         |       |       |       |    55 ||    55
       Javelin           |       |       |       |     2 ||     2
 Cast: Animate Skeleton  |       |       |    12 |    36 ||    48
       Summon Small Mamm |       |       |       |     5 ||     5
       Apportation       |       |       |       |     3 ||     3
Invok: Heroism           |       |       |     6 |    27 ||    33
       Finesse           |       |       |       |     1 ||     1
Evoke: Wand              |       |     1 |       |     3 ||     4
  Use: Scroll            |     3 |    11 |     6 |    10 ||    30
       Potion            |       |       |     1 |     6 ||     7
 Stab: Sleeping          |       |     5 |     2 |     3 ||    10
       Distracted        |       |       |     1 |     2 ||     3
  Eat: Chunk             |       |     7 |     8 |    10 ||    25
       Ration            |       |     1 |     1 |     3 ||     5
Armor: Leather armour    |    38 |    57 |       |       ||    95
       Ring mail         |       |    24 |   271 |   268 ||   563
       Troll leather arm |       |       |       |    83 ||    83
Dodge: Dodged            |    57 |   130 |   347 |   415 ||   949
       Rpst.: War axe    |       |       |       |    62 ||    62
       Broad axe         |       |       |       |     3 ||     3
